 Dungeon Crawl Stone Soup version 0.17.1-2-g5865329 (webtiles) character file.

526 Moresty the Ruffian (level 7, -1/68 HPs)
             Began as a Troll Monk on Jan 10, 2016.
             Slain by a gnoll
             ... wielding a +0 spear
              (7 damage)
             ... on level 4 of the Dungeon.
             The game lasted 00:09:32 (2326 turns).

Moresty the Ruffian (Troll Monk)                    Turns: 2326, Time: 00:09:32

Health: -1/68      AC:  3    Str: 22      XL:     7   Next: 2%
Magic:  6/6        EV: 17    Int:  6      God:
Gold:   184        SH:  0    Dex: 14 (17) Spells: 0 memorised, 6 levels left

rFire  . . .     SeeInvis .       - Unarmed
rCold  . . .     Clarity  .     (armour restricted)
rNeg   + . .     SustAt   .     (no shield)
rPois  .         Gourm    +     (helmet restricted)
rElec  .         Spirit   .     (no cloak)
rCorr  .         Warding  .     (gloves unavailable)
rMut   .         Stasis   .     (boots unavailable)
MR     .....                    (no amulet)
Stlth  +++.......               (no ring)
                                l - ring of positive energy

@: agile, not resistant to hostile enchantments, fairly stealthy
A: unfitting armour, claws 3, fast metabolism 3, gourmand, regeneration 2,
shaggy fur 1, tough skin 2
a: no special abilities


You were on level 4 of the Dungeon.
You were not hungry.

You visited 1 branch of the dungeon, and saw 4 of its levels.

You collected 184 gold pieces.

Inventory:

Armour
 a - a +0 robe
 h - a +0 robe
 v - a +0 robe
 w - a +2 helmet
 y - a +0 pair of boots
Jewellery
 l - a ring of positive energy (left claw)
Scrolls
 c - a scroll of enchant weapon {unknown}
 e - 7 scrolls of identify
 f - 2 scrolls of teleportation {unknown}
 k - 2 scrolls of magic mapping {unknown}
 n - 2 scrolls of blinking {unknown}
 o - a scroll of immolation
 p - a scroll of remove curse {unknown}
 q - a scroll of fear {unknown}
 r - a scroll of noise {unknown}
Potions
 t - a potion of flight
 x - a potion of invisibility
Comestibles
 b - 4 bread rations
 d - a slice of pizza
 i - 4 fruits
 u - 3 meat rations


   Skills:
 + Level 3.6 Fighting
 + Level 4.5 Dodging
 + Level 1.7 Stealth
 + Level 5.8 Unarmed Combat


You had 6 spell levels left.
You didn't know any spells.

Dungeon Overview and Level Annotations

Branches:
Dungeon (4/15)
 Temple: D:4-7

Altars:


Innate Abilities, Weirdness & Mutations

You are too large for most types of armour.
You have claws for hands.
Your metabolism is lightning-fast.
You like to eat raw meat.
You heal very quickly.
You are covered in fur (AC +1).
You have very tough skin (AC +2).


Message History

The gnoll hits you but does no damage. x2
An orc comes into view.
The gnoll hits you from afar with a halberd.
* * * LOW HITPOINT WARNING * * *
The gnoll hits you but does no damage.
An orc comes into view. It is wielding a war axe.
The gnoll hits you but does no damage. x2
You cannot move.
You cannot move.
The gnoll hits you from afar with a halberd.
* * * LOW HITPOINT WARNING * * *
You feel less woody.
The orc wizard shouts!
The orc shouts!
The gnoll misses you.
The gnoll closely misses you. 2 orcs come into view.
The orc shouts!
The gnoll misses you. The gnoll closely misses you.
The gnoll hits you from afar with a spear!
You die...

###....#####
#.g##..##รท..# #
#.#..(...#
#gO##.#)..### #
#.#.####.#
##g##.#.###
###...#
######..g...#
##.<#.##
....##).##.#
##..#..#
#..#g.##.# #..##.#
#.gO....# ##..##.#
###.g..##.#
...###.#
##.@)#..##.# ...#
#.#
#####.o###.....#
#### #.#
#..........##..# #
#.###.##..####<#
...# #.##..#...##
#.# ...
#.##.#..oo.##...
... #.##..oo....#
.. ####
#..#........#
...###....#.....##


You could see an ogre (inner flame), an orc wizard (inner flame), 4 gnolls and 4
orcs.

Vanquished Creatures
  An ogre (D:4)
  3 orc priests (D:3)
  2 orc wizards
  A centaur skeleton (D:4)
  Ijyb (D:2)
  A gnoll shaman (D:4)
  5 adders
  7 gnolls (D:4)
  3 worms (D:2)
  8 orcs
  3 ball pythons (D:1)
  7 goblins
  3 hobgoblins
  6 kobolds
  A quokka (D:3)
  5 bats
  5 giant cockroaches
  3 giant geckos
  2 giant newts
  3 jackals (D:4)
  22 rats
  A plant (D:4)
93 creatures vanquished.

Vanquished Creatures (others)
  An orc (D:4)
1 creature vanquished.

Grand Total: 94 creatures vanquished

Notes
Turn   | Place    | Note
--------------------------------------------------------------
     0 | D:1      | Moresty the Troll Monk began the quest for the Orb.
     0 | D:1      | Reached XP level 1. HP: 22/22 MP: 0/0
   182 | D:1      | Reached XP level 2. HP: 29/29 MP: 1/1
   625 | D:2      | Reached XP level 3. HP: 36/36 MP: 2/2
  1035 | D:2      | Noticed Ijyb
  1048 | D:2      | Killed Ijyb
  1048 | D:2      | Reached skill level 5 in Unarmed Combat
  1048 | D:2      | Reached XP level 4. HP: 44/44 MP: 3/3
  1311 | D:3      | Reached XP level 5. HP: 31/52 MP: 4/4
  1694 | D:3      | Reached XP level 6. HP: 48/61 MP: 5/5
  2286 | D:4      | Reached XP level 7. HP: 9/67 MP: 6/6
  2326 | D:4      | Slain by a gnoll

Action                   |  1- 3 |  4- 6 |  7- 9 || total
-------------------------+-------+-------+-------++-------
Melee: Unarmed           |   105 |   173 |     2 ||   280
  Use: Potion            |       |     1 |     4 ||     5
       Scroll            |       |       |     2 ||     2
 Stab: Sleeping          |       |     2 |       ||     2
  Eat: Chunk             |    10 |     6 |       ||    16
       Meat ration       |       |     1 |       ||     1
